 Dungeon Crawl Stone Soup version 0.21-a0-104-g7b58145 (webtiles) character file.

254 HAL9000 the Ruffian (level 5, 0/40 HPs)
             Began as a Draconian Transmuter on July 6, 2017.
             Killed from afar by an orc wizard (6 damage)
             ... with a magic dart
             ... on level 3 of the Dungeon.
             The game lasted 00:05:12 (3827 turns).

HAL9000 the Ruffian (Draconian Transmuter)          Turns: 3827, Time: 00:05:13

Health: 0/40       AC:  2    Str: 13    XL:     5   Next: 91%
Magic:  2/8        EV: 19    Int: 13    God:
Gold:   144        SH:  0    Dex: 17    Spells: 2/8 levels left

rFire    . . .     SeeInvis .     - Unarmed
rCold    . . .     Gourm    .   (shield currently unavailable)
rNeg     . . .     Faith    .   (armour unavailable)
rPois    x         Spirit   .   (helmet currently unavailable)
rElec    .         Reflect  .   (cloak currently unavailable)
rCorr    .         Harm     .   (gloves currently unavailable)
MR       .....                  (boots currently unavailable)
Stlth    ++........             (no amulet)
HPRegen  0.13/turn              (no ring)
MPRegen  0.11/turn              (no ring)

@: spider-form (expiring)
A: unfitting armour, AC +5
a: End Transformation


You were on level 3 of the Dungeon.
You were very hungry.
You were a venomous arachnid creature.
You visited 1 branch of the dungeon, and saw 4 of its levels.

You collected 144 gold pieces.

Inventory:

Missiles
 a - 15 arrows
 h - 3 javelins (quivered)
Armour
 e - a +0 pair of gloves (melded)
Scrolls
 i - a scroll of fog {unknown}
 j - 2 scrolls of identify {unknown}
 k - a scroll of teleportation {unknown}
Books
 b - a book of Changes

   Spells                             Type                      Level
   a - Beastly Appendage              Transmutation                1
   b - Sticks to Snakes               Transmutation                2
   c - Spider Form                    Transmutation/Poison         3
   d - Ice Form                       Ice/Transmutation            4
   e - Blade Hands                    Transmutation                5
Comestibles
 c - 3 bread rations
 d - 11 fruits
 f - 5 royal jellies


   Skills:
 - Level 1.1 Fighting
 - Level 1.7 Dodging
 + Level 5.0 Unarmed Combat
 - Level 2.0 Spellcasting
 + Level 4.7 Transmutations


You had 2 spell levels left.
You knew the following spells:

 Your Spells              Type           Power        Failure   Level  Hunger
a - Beastly Appendage     Tmut           ##....       12%         1    ##.....
b - Sticks to Snakes      Tmut           ##......     16%         2    ###....
c - Spider Form           Tmut/Pois      #.........   50%         3    ####...


Dungeon Overview and Level Annotations

Branches:
Dungeon (4/15)
 Temple: D:4-7

Altars:
Cheibriados


Innate Abilities, Weirdness & Mutations

((Your plain brown scales are hard. (AC +5)))
You cannot fit into any form of body armour.
((You are cold-blooded and may be slowed by cold attacks.))


Message History

The orc hits you with a dagger.
* * * LOW HITPOINT WARNING * * *
The orc wizard gestures wildly while chanting.
The orc wizard blinks!
You hit the orc.
The orc is poisoned.
The orc is moderately wounded.
The orc wizard gestures wildly while chanting.
The orc wizard blinks!
The orc hits you with a dagger.
* * * LOW HITPOINT WARNING * * *
The orc wizard misses you.
You barely miss the orc.
The orc is moderately wounded.
The orc completely misses you.
The orc wizard hits you but does no damage.
You hit the orc.
The orc looks as sick as possible!
The orc is severely wounded.
You kill the orc!
The orc wizard gestures at you while chanting.
The magic dart hits you!
You die...

####################
...................#
##################.#
.................#.#
########.#######o#.#
...............)s#.#
...#####.........#.#####
...# ###'#######.#.....#
...###.......# #.#####.#
....##.......# #.# #.#
.....+.......# #.# #.#
....##.......#
#.#####.##
>...##.......#
#........#
....##.......#
##########


You could see an orc wizard.

Vanquished Creatures
  Blork the orc (D:4)
  An orc wizard (D:3)
  Terence (D:3)
  4 gnolls (D:3)
  4 adders
  A dart slug (D:3)
  2 leopard geckos (D:2)
  6 orcs (D:3)
  7 bats
  2 giant cockroaches
  4 goblins
  4 hobgoblins
  A ball python (D:3)
  2 frilled lizards
  6 kobolds
  6 rats
52 creatures vanquished.

Vanquished Creatures (collateral kills)
  2 adders
  An orc (D:3)
  A rat (D:2)
4 creatures vanquished.

Grand Total: 56 creatures vanquished

Notes
Turn   | Place    | Note
-------+----------+-------------------------------------------
     0 | D:1      | HAL9000 the Draconian Transmuter began the quest for the Orb.
     0 | D:1      | Reached XP level 1. HP: 16/16 MP: 3/3
   205 | D:1      | Reached XP level 2. HP: 18/23 MP: 5/5
   744 | D:2      | Learned a level 2 spell: Sticks to Snakes
   903 | D:2      | Reached XP level 3. HP: 11/28 MP: 1/6
  1330 | D:2      | Learned a level 3 spell: Spider Form
  2389 | D:3      | Found a snail-covered altar of Cheibriados.
  2400 | D:3      | Reached XP level 4. HP: 32/35 MP: 5/7
  2533 | D:3      | Reached skill level 4 in Unarmed Combat
  3020 | D:3      | Noticed Terence
  3185 | D:3      | Killed Terence
  3185 | D:3      | Reached XP level 5. HP: 31/40 MP: 1/8
  3783 | D:4      | Noticed Blork the orc
  3797 | D:4      | Killed Blork the orc
  3797 | D:4      | Reached skill level 5 in Unarmed Combat
  3827 | D:3      | Killed from afar by an orc wizard

Vault maps used:
D:1:      saegor_arrival_simple_f
D:2:      serial_bayou_lake_a
D:3:      wad_pebble_path, kennysheep_slug_shrine, uniq_terence
D:4:      minmay_temple_entry_grid, first_bread, minmay_close_crescents,
          uniq_blork_the_orc

Skill      XL: |  1  2  3  4  5 |
---------------+----------------+-----
Transmutations | 3 4 |  4.7
Unarmed Combat | 4 5 |  5.0
Fighting       | |  1.1
Dodging        | |  1.7
Spellcasting   | |  2.0

Action                   |  1- 3 |  4- 6 || total
-------------------------+-------+-------++-------
Melee: Unarmed           |   106 |    83 ||   189
       Kick              |     2 |    12 ||    14
       Tailslap          |     6 |    10 ||    16
       Punch             |     2 |     1 ||     3
       Headbutt          |     2 |       ||     2
 Cast: Beastly Appendage |     9 |     3 ||    12
       Sticks to Snakes  |     5 |    10 ||    15
       Spider Form       |       |     4 ||     4
  Use: Potion            |     1 |       ||     1
 Stab: Sleeping          |     1 |     1 ||     2
       Distracted        |       |     1 ||     1
  Eat: Chunk             |     5 |     5 ||    10
Armor: Skin              |    35 |    27 ||    62
Dodge: Dodged            |    56 |    76 ||   132
